Unix NetHack Version 5.0.0-0 post-release - last build May 31 2026 23:59:36 (970b52f25bf058293b47ddfd14a1e40e571c508c,branch:main).

Game began 2026-06-03 16:30:39, ended 2026-06-03 17:17:59.

JesusFcknChrist, neutral female human Valkyrie

                      #
                   ---|--
                   |.....
                   |.q..|
                   |..@.|
                   ------

JesusFcknChrist the Skirmisher  St:17 Dx:14 Co:18 In:9 Wi:9 Ch:7  Neutral
Dlvl:5  $:27 HP:0(39) Pw:7(7) AC:4  Xp:3 T:1507  Hungry  

Latest messages:
 (Tip: use the #enhance command to advance them.)
 You hit the rothe!
 The rothe hits!
 The rothe bites!
 The rothe bites again!
 You miss the rothe.
 The rothe hits!
 The rothe misses!
 The rothe bites!
 You climb up the stairs.
 You are now most skilled in saber.
 You feel strong!
 You must have been exercising diligently.
 You hear the chime of a cash register.
 You are beginning to feel hungry.
 You hear the chime of a cash register.
 You don't have anything to eat.
 What do you want to drink? [s or ?*] s
 You feel better.
 You descend the stairs.
 The rothe hits!
 The rothe bites!
 The rothe bites again!
 You miss the rothe.
 The rothe hits!
 The rothe bites!
 The rothe bites again!
 You hit the rothe!
 The rothe hits!
 The rothe misses!
 The rothe bites!
 You miss the rothe.
 You hit the rothe.
 The rothe hits!
 The rothe bites!
 The rothe bites again!
 You miss the rothe.
 The rothe misses!
 The rothe misses!
 The rothe misses!
 You miss the rothe.
 The rothe hits!
 The rothe just misses!
 The rothe bites!
 You die...
 Do you want your possessions identified? [ynq] (y) n
 Do you want to see your attributes? [ynq] (y) n
 Do you want an account of creatures vanquished? [ynaq] (y) n
 Do you want to see your conduct and achievements? [ynq] (y) n
 Do you want to see the dungeon overview? [ynq] (y) n

Inventory:
 Coins    ('$')
  $ - 27 gold pieces
 Weapons  (')')
  b - a +0 dagger (alternate weapon; not wielded)
  a - a +1 spear
  i - a +0 scimitar (weapon in right hand)
 Armor    ('[')
  c - an uncursed +3 small shield (being worn)
  q - an uncursed +0 orcish ring mail (being worn)
 Wands    ('/')
  k - a wand of cold (0:6)
 Tools    ('(')
  f - 6 uncursed wax candles
 Gems/Stones  ('*')
  e - an uncursed worthless piece of green glass
  g - an uncursed worthless piece of yellowish brown glass

JesusFcknChrist the Valkyrie's attributes:

Background:
 You were a Skirmisher, a level 3 human Valkyrie.
 You were neutral, nominally on a mission for Odin
 who was opposed by Tyr (lawful) and Loki (chaotic).
 You were right-handed.
 You were in the Dungeons of Doom, on level 5.
 You entered the dungeon 1507 turns ago.
 You had 64 experience points, 16 more were needed to attain level 4.

Basics:
 You had 0 out of 39 hit points.
 You had all 7 energy points (spell power).
 Your armor class was 4.
 Your wallet contained 27 zorkmids.
 Autopickup was off.

Final Characteristics:
 Your strength was 17 (limit:18/100).
 Your dexterity was 14 (peak:18, limit:18).
 Your constitution was 18 (limit:18).
 Your intelligence was 9 (limit:18).
 Your wisdom was 9 (limit:18).
 Your charisma was 7 (limit:18).

Final Status:
 You were hungry.
 You were unencumbered.
 You were wielding a saber.
 You had basic skill with saber.

Final Attributes:
 You had sinned.
 You were cold resistant.
 You were stealthy.
 You were warded.
 You are dead.

Miscellaneous:
 You didn't encounter any bones levels.
 Total elapsed playing time was 21 minutes and 31 seconds.

Major events:
 Turn
    1: JesusFcknChrist the neutral human Valkyrie entered the dungeon
  373: attained the rank of Skirmisher (level 3)
 1507: killed by a rothe

You didn't know any spells.

Skills:
 Fighting Skills
   bare handed combat [Unskilled]
   two weapon combat  [Unskilled]
   riding             [Unskilled]
 Weapon Skills
   dagger             [Basic]
   axe                [Unskilled]
   pick-axe           [Unskilled]
   short sword        [Unskilled]
   broadsword         [Unskilled]
   long sword         [Unskilled]
   two-handed sword   [Unskilled]
   saber              [Basic]
   hammer             [Unskilled]
   quarterstaff       [Unskilled]
   polearms           [Unskilled]
   spear              [Basic]
   trident            [Unskilled]
   lance              [Unskilled]
   sling              [Unskilled]
 Spellcasting Skills
   attack spells      [Unskilled]
   escape spells      [Unskilled]

Voluntary challenges:
 Character rerolling was not enabled.
 You followed a strict vegan diet.
 You were an atheist.
 You never genocided any monsters.
 You never polymorphed an object.
 You never changed form.
 You used no wishes.
Achievements:
 You entered a shop.
 You attained the rank of Skirmisher.

 The Dungeons of Doom: levels 1 to 5
    Level 1:
       A sink.
    Level 2:
       A general store.
    Level 3:
       A fountain.
    Level 4:
    Level 5: <- You were here.
       Final resting place for
          you, killed by a rothe.


Vanquished creatures:
  a small mimic
  2 cave spiders
  2 brown molds
  a garter snake
  3 geckos
  2 foxes
  2 grid bugs
  2 kobold zombies
  4 newts
19 creatures vanquished.

No species were genocided or became extinct.

Game over:
                       ----------
                      /          \
                     /    REST    \
                    /      IN      \
                   /     PEACE      \
                  /                  \
                  | JesusFcknChrist  |
                  |      27 Au       |
                  |   killed by a    |
                  |      rothe       |
                  |                  |
                  |                  |
                  |       2026       |
                 *|     *  *  *      | *
        _________)/\\_//(\/(/\)/\//\/|_)_______

Farvel JesusFcknChrist the Valkyrie...

You died in The Dungeons of Doom on dungeon level 5 with 521 points,
and 27 pieces of gold, after 1507 moves.
You were level 3 with a maximum of 39 hit points when you died.

